 Dungeon Crawl Stone Soup version 0.29.1-1-gd02db6906a (webtiles) character file.

Game seed: 8524978623520186607

140 Shimmer the Shield-Bearer (level 5, -1/46 HPs)
             Began as a Minotaur Fighter on Sept 21, 2022.
             Killed from afar by Natasha (10 damage)
             ... with a bolt of dispelling energy
             ... on level 3 of the Dungeon.
             The game lasted 00:04:29 (2545 turns).

Shimmer the Shield-Bearer (Minotaur Fighter)        Turns: 2545, Time: 00:04:29

Health: -1/46      AC:  9    Str: 21    XL:     5   Next: 2%
Magic:  4/4        EV: 24    Int:  7    God:
Gold:   159        SH:  4    Dex:  9    Spells: 4/4 levels left

rFire   . . .      SeeInvis .   a - +0 long sword
rCold   . . .      Faith    .   c - +0 buckler
rNeg    . . .      Spirit   .   b - +0 scale mail
rPois   .          Reflect  .   (helmet restricted)
rElec   .          Harm     .   m - +1 cloak
rCorr   .          Rampage  .   (no gloves)
Will    +....                   (no boots)
Stlth   ..........              l - amulet of the acrobat
HPRegen 0.15/turn               h - ring of willpower
MPRegen 0.09/turn               (no ring)

@: acrobatic
A: horns 2, retaliatory headbutt
a: no special abilities


You were on level 3 of the Dungeon.
You visited 1 branch of the dungeon, and saw 3 of its levels.

You collected 159 gold pieces.

Inventory:

Hand Weapons
 a - a +0 long sword (weapon)
Armour
 b - a +0 scale mail (worn)
 c - a +0 buckler (worn)
 m - a +1 cloak (worn)
Jewellery
 h - a ring of willpower (left hand)
 l - an amulet of the acrobat (around neck)
Wands
 q - a wand of iceblast (7)
 s - a wand of digging (6)
Scrolls
 e - a scroll of enchant weapon {unknown}
 j - 3 scrolls of identify {unknown}
 p - a scroll of torment {unknown}
 t - a scroll of fog {unknown}
 u - a scroll of enchant armour {unknown}
 w - a scroll of blinking {unknown}
Potions
 d - 3 potions of might
 f - 2 potions of curing {unknown}
 g - a potion of resistance {unknown}
 i - 2 potions of haste {unknown}
 k - a potion of lignification {unknown}
 n - a potion of cancellation {unknown}
 o - 2 potions of degeneration {unknown}
 r - a potion of invisibility {unknown}
 v - a potion of attraction {unknown}


   Skills:
 + Level 4.1 Fighting
 + Level 4.1 Long Blades
 + Level 4.7 Armour
 + Level 0.1 Dodging
 + Level 4.8 Shields


You had 4 spell levels left.
You didn't know any spells.
Your spell library contained the following spells:

 Spells                   Type           Power      Damage    Failure   Level
 Sublimation of Blood     Necr           0%         N/A       94%         2
 Petrify                  Tmut/Erth      0%         N/A       100%        4
 Irradiate                Conj/Tmut      0%         3d11      100%        5


Dungeon Overview and Level Annotations

Branches:
Dungeon (3/15)

Altars:

Shops:
D:2 (

Annotations:
D:3 3 runed translucent doors, Akransas's ghost, amateur MiFi; Natasha; bl3nd3r's ghost, amateur TrFi; enotiy's ghost, amateur MiFi; sausages's ghost, amateur KoBr


Innate Abilities, Weirdness & Mutations

You have a pair of horns on your head.
You reflexively headbutt those who attack you in melee.


Message History

The shadow imp disappears in a puff of smoke!
Natasha casts a spell.
You closely miss the crimson imp. Your headbutt misses the crimson imp.
The crimson imp hits you but does no damage.
You hit the crimson imp.
The crimson imp is heavily wounded.
The crimson imp completely misses you.
You hit the crimson imp. You headbutt the crimson imp.
The crimson imp is almost dead.
Natasha stares at you and mumbles some strange words.
The magic dart hits you.
The crimson imp hits you but does no damage.
You closely miss the crimson imp.
The crimson imp is severely wounded.
The crimson imp blinks!
You block the crimson imp's attack.
Natasha zaps a wand.
The bolt of dispelling energy hits you!
You are too injured to fight recklessly!
You are too injured to fight recklessly!
You are too injured to fight recklessly!
You are too injured to fight recklessly!
Unknown command.
You barely miss the crimson imp.
The crimson imp is severely wounded.
The crimson imp hits you but does no damage.
You closely miss the crimson imp.
The crimson imp is heavily wounded.
Natasha closely misses you.
The crimson imp blinks!
You slash Natasha!
Natasha is severely wounded.
Natasha claws you.
* * * LOW HITPOINT WARNING * * *
Natasha claws you.
* * * LOW HITPOINT WARNING * * *
The crimson imp disappears in a puff of smoke!
Natasha misses you.
The crimson imp attacks as you move away!
The crimson imp completely misses you.
The crimson imp blinks!
Natasha zaps a wand.
The bolt of dispelling energy hits you!
You die...

####...#####.###...#..#.#
.##..#.........#........#
....##............###.###
..####......>...#.).#.##
..####.#####.##.#5#....#
#......# .....#h##...######
..#..### ##.#.###.##.)......#
#.#..# #..#.##..##........#
#)##.#####.##.##@###.ยง......#
...#....##.##.##.# ##......#####
##.#..#..........####..........#
$#...........#.###..............
8#..........##.#................
!#..........##...##.............
$#.......###...## #......)......
##......... ..#.................
#.#####.###..#...$.............


You could see Natasha and a crimson imp (summoned).

Vanquished Creatures
  Jessica (D:3)
  Terence (D:3)
  A gnoll (D:1)
  4 adders
  3 orcs (D:3)
  A bat (D:3)
  4 endoplasms
  2 giant cockroaches
  5 goblins
  2 hobgoblins
  4 jackals
  5 kobolds
  2 quokkas
  A ball python (D:2)
  3 frilled lizards
39 creatures vanquished.

Vanquished Creatures (others)
  3 plants (D:1)
3 creatures vanquished.

Grand Total: 42 creatures vanquished

Notes
Turn   | Place    | Note
-------+----------+-------------------------------------------
     0 | D:1      | Shimmer the Minotaur Fighter began the quest for the Orb.
     0 | D:1      | Reached XP level 1. HP: 19/19 MP: 0/0
   261 | D:1      | Reached XP level 2. HP: 27/27 MP: 1/1
   265 | D:1      | Found a faded altar of an unknown god.
   889 | D:1      | Reached XP level 3. HP: 33/33 MP: 2/2
  1253 | D:2      | Identified the +6 chain mail of Uwkoh {Int+5}
  1640 | D:2      | Found Wiusk's Antique Weapon Boutique.
  1872 | D:3      | Noticed Terence
  1879 | D:3      | Killed Terence
  1880 | D:3      | Reached XP level 4. HP: 33/40 MP: 3/3
  2381 | D:3      | Noticed Jessica
  2389 | D:3      | Killed Jessica
  2446 | D:3      | Found a runed translucent gate.
  2448 | D:3      | Found a runed translucent gate.
  2450 | D:3      | Found a runed translucent gate.
  2450 | D:3      | Noticed bl3nd3r's ghost (amateur TrFi)
  2451 | D:3      | Noticed sausages's ghost (amateur KoBr)
  2451 | D:3      | Noticed enotiy's ghost (amateur MiFi)
  2452 | D:3      | Noticed sausages's ghost (amateur KoBr)
  2453 | D:3      | Noticed Akransas's ghost (amateur MiFi)
  2506 | D:3      | Noticed Natasha
  2529 | D:3      | Reached XP level 5. HP: 33/46 MP: 4/4
  2545 | D:3      | Killed from afar by Natasha

Illustrated notes

Levels and vault maps discovered:
D:1:      minmay_arrival_shattered_statue, layout_basic,
          ebering_ecumenical_altar_rust, nicolae_grassy_gnolls
D:2:      layout_basic, serial_shops, nicolae_lakefront_shop, st_stairs_4,
          minmay_fractal_squares_gapless_5
D:3:      layout_rooms, gammafunk_ghost_cemetery, kennysheep_decorative_pillar,
          uniq_jessica, uniq_natasha, uniq_terence

Skill      XL: |  1  2  3  4 |
---------------+-------------+-----
Shields        | 4 |  4.8
Armour         | 4 |  4.7
Long Blades    | 3 4 |  4.1
Fighting       | 4 |  4.1
Dodging        | |  0.1

Action                   |  1- 3 |  4- 6 || total
-------------------------+-------+-------++-------
Melee: Long sword        |    72 |    42 ||   114
       Headbutt          |     8 |     5 ||    13
Armor: Scale mail        |    34 |    17 ||    51
Dodge: Dodged            |    43 |    34 ||    77
Block: Buckler           |    19 |    14 ||    33
